 Dungeon Crawl Stone Soup version 0.30.0-29-ga12c61a403 (webtiles) character file.

Game seed: 7230765318134104543

169253 qw the Severer (level 17, -1/113 HPs)
             Began as a Gargoyle Fighter on June 3, 2023.
             Was an Elder of Okawaru.
             Slain by a tyrant leech (20 damage)
             ... on level 2 of the Swamp.
             The game lasted 00:19:06 (31048 turns).

qw the Severer (Gargoyle Fighter)                  Turns: 31048, Time: 00:19:07

Health: -1/113     AC: 41    Str: 32    XL:     17   Next: 96%
Magic:  24/24      EV: 16    Int:  9    God:    Okawaru [****..]
Gold:   1497       SH: 15    Dex:  9    Spells: 16/16 levels left

rFire   + + +        Y - +0 broad axe (heavy)
rCold   + + .        i - +1 kite shield {reflect}
rNeg    + + +        v - +0 plate armour {rC+}
rPois   inf          h - +1 helmet "Qizuaddyst" {rF++ rN++ Slay-2}
rElec   +            r - scarf "Necur" {rC+ rF+, +Blink Will- Str+4 Slay+3}
rCorr   .            y - +1 pair of gloves
SInv    +            C - +2 pair of boots
Will    .....        (no amulet)
Stlth   x              - ring of see invisible
HPRegen 0.38/turn    q - +5 ring of evasion
MPRegen 0.19/turn

%: reflection
@: about to teleport, heroic, flying, slowed, very slow
A: sickness immunity, AC +12, big wings, negative energy resistance 1,
electricity resistance, torment resistance 1, petrification resistance
a: Renounce Religion, Evoke Blink, Heroism, Finesse


You were on level 2 of the Swamp.
You worshipped Okawaru.
Okawaru was greatly pleased with you.
You visited 6 branches of the dungeon, and saw 28 of its levels.

You collected 3140 gold pieces.
You spent 1643 gold pieces at shops.


Innate Abilities, Weirdness & Mutations

You are immune to sickness and miasma.
Your stone body is resilient. (AC +12)
You are immune to poison.
Your large and strong wings let you fly.
You resist negative energy. (rN+)
You are resistant to electric shocks. (rElec)
You are resistant to unholy torment.
You are immune to petrification.


   Skills:
 - Level 15.0(20.0) Fighting
 - Level 18.0(23.0) Axes
 - Level 7.1(12.1) Throwing
 - Level 14.0(19.0) Armour
 - Level 4.0(9.0) Dodging
 + Level 14.6(19.6) Shields
 - Level 10.0 Invocations


You had 16 spell levels left.
You didn't know any spells.
Your spell library was empty.

Inventory:

Hand Weapons
 w - a +3 war axe of flaming
 Y - a +0 heavy broad axe (weapon)
Missiles
 e - 2 boomerangs
 z - 3 silver boomerangs (quivered)
Armour
 h - the +1 helmet "Qizuaddyst" (worn) {rF++ rN++ Slay-2}
   (You acquired it on level 12 of the Dungeon)

   Slay:      It affects your accuracy & damage with ranged weapons and melee
   (-2).
   rF:        It greatly protects you from fire.
   rN:        It greatly protects you from negative energy.
 i - a +1 kite shield of reflection (worn)
 r - the scarf "Necur" (worn) {rC+ rF+, +Blink Will- Str+4 Slay+3}
   (You acquired it on level 12 of the Dungeon)

   Str:       It affects your strength (+4).
   Slay:      It affects your accuracy & damage with ranged weapons and melee
   (+3).
   +Blink:    It lets you blink.
   Will:      It decreases your willpower.
 t - a +1 helmet
 v - a +0 plate armour of cold resistance (worn)
 y - a +1 pair of gloves (worn)
 C - a +2 pair of boots (worn)
Jewellery
 j - a ring of fire
 n - a ring of ice
 o - a ring of fire
 q - a +5 ring of evasion (right hand)
 x - a ring of see invisible (left hand)
 D - a +4 ring of protection
Wands
 k - a wand of digging (11)
Scrolls
 f - 4 scrolls of teleportation
 m - 30 scrolls of identify
Potions
 a - 6 potions of attraction
 b - 3 potions of lignification
 c - 3 potions of cancellation
 d - 6 potions of might
 g - 8 potions of curing
 p - 2 potions of magic
 s - 3 potions of resistance
 A - a potion of mutation
 B - 3 potions of haste

Dungeon Overview and Level Annotations

Branches:
Dungeon (15/15)            Temple (1/1) D:7            Lair (5/5) D:10
  Swamp (1/4) Lair:2       Spider (3/4) Lair:2        Slime (0/5) Lair:4
    Orc (2/2) D:11            Elf (0/3) Orc:2        Vaults (0/5) D:13
 Depths (0/4) D:15

Altars:
Ashenzari
Cheibriados
Dithmenos
Elyvilon
Fedhas
Gozag
Hepliaklqana
Kikubaaqudgha
Makhleb
Nemelex Xobeh
Okawaru
Qazlal
Ru
Sif Muna
Trog
Uskayaw
Vehumet
Wu Jian
Xom
Yredelemnul
Zin
The Shining One

Shops:
D:10 **   D:12 (   D:15 *   Orc:1 !   Orc:2 *([[

Annotations:
Lair:1 1 runed translucent door, 2 transporters, Kaece's ghost, novice TeFE
Spider:3 1 runed translucent door, qw's ghost, adept GrFi


Message History

The will-o-the-wisp is almost destroyed.
A bog body comes into view.
The will-o-the-wisp blinks!
The bog body gestures at you while chanting.
You feel yourself slow down.
The will-o-the-wisp gestures.
The will-o-the-wisp conjures some foxfire! 2 foxfires come into view.
31039 ||| Stepping ~*~*~tactically~*~*~ (hiding).
The foxfire hits you but does no damage. x2
The will-o-the-wisp gestures.
The will-o-the-wisp conjures some foxfire! 2 foxfires come into view.
You are too injured to fight recklessly!
The foxfire hits you. You resist.
The foxfire hits you but does no damage.
You resist.
The will-o-the-wisp blinks!
You block the will-o-the-wisp's attack.
You slice the will-o-the-wisp!!
You destroy the will-o-the-wisp!
Okawaru accepts your kill.
You barely miss the tyrant leech. You block the tyrant leech's attack.
You barely miss the tyrant leech. You block the tyrant leech's attack.
You barely miss the tyrant leech. The tyrant leech bites you!!
You block the tyrant leech's attack.
You hit the tyrant leech.
The tyrant leech is lightly wounded.
The tyrant leech closely misses you.
You chop the tyrant leech into pieces!!!
The tyrant leech is severely wounded.
The tyrant leech bites you but does no damage.
You hit the tyrant leech but do no damage.
The tyrant leech is severely wounded.
The tyrant leech bites you! You block the tyrant leech's attack.
31048 ||| READING 5 scrolls of teleportation.
As you read the scroll of teleportation, it crumbles to dust.
You feel strangely unstable. The tyrant leech bites you!!
You die...

# . #.
~#n## ~w$.7
. 7.~.77
..7 7..~77
7~..777.~.7
7.~~.~.7w~7
~.~~.~~@.~7
7.~~~¤~~.~7
7.~~~~¤~~77
~~~~~~~¤.7
~~~~.~~..7
~~~.~..~77
~~~~77777
~~.~


You could see a tyrant leech.

Vanquished Creatures
  Rupert (D:15)
  A thorn hunter (Swamp:1)
  2 ghost moths (Spider:2)
  Aizul (Swamp:1)
  2 ghouls (Swamp:2)
  A quicksilver ooze (shapeshifter) (D:15)
  3 broodmothers
  An eleionoma (Swamp:2)
  A spark wasp (Spider:2)
  2 entropy weavers
  15 hydras
  A vault guard (D:13)
  An ogre mage (D:14)
  8 centaur warriors
  5 boulder beetles
  9 two-headed ogres
  4 death yaks (Lair:3)
  4 alligators (Swamp:1)
  A death knight (D:15)
  2 tengu warriors (D:15)
  A titan zombie (D:15)
  Urug (Lair:2)
  Nergalle (D:12)
  Sonja (D:13)
  4 spriggans (Swamp:1)
  Amaemon (Lair:1)
  9 skeletal warriors
  6 skysharks
  11 pharaoh ants
  A flayed ghost (D:15)
  A sun moth (Spider:2)
  7 orb spiders
  A lindwurm (Lair:5)
  A bog body (Swamp:2)
  A deep elf archer (D:13)
  3 steelbarb worms
  4 orc knights
  A swamp dragon (Swamp:2)
  4 necromancers
  4 deep elf pyromancers
  A harpy (shapeshifter) (D:14)
  21 wolf spiders
  24 ugly things
  2 will-o-the-wisps
  11 cyclopes
  10 elephants (Lair:5)
  5 black mambas
  Maurice (D:13)
  A moth of wrath (Spider:1)
  3 torpor snails
  7 demonic crawlers
  An orange demon (Lair:1)
  2 gargoyles (D:15)
  20 cane toads
  6 komodo dragons
  2 rime drakes
  A guardian mummy (D:15)
  2 unseen horrors
  2 yaktaurs (D:13)
  A freezing wraith (D:15)
  3 trolls
  3 tyrant leeches
  2 polar bears
  52 blink frogs
  5 hornets
  10 dream sheep (Lair:4)
  15 tarantellas
  An ettin zombie (D:15)
  A spriggan zombie (D:15)
  20 jumping spiders
  4 slime creatures (D:10)
  A jumping spider (shapeshifter) (D:15)
  Sigmund (D:3)
  3 wraiths
  15 culicivoras
  2 shadows (D:11)
  3 wyverns
  2 vampires
  20 humans (D:13)
  49 yaks
  7 basilisks
  25 redbacks
  A steam dragon (D:7)
  5 vampire mosquitoes (Lair:5)
  2 wargs (Orc:2)
  An acid dragon (D:10)
  A swamp worm (shapeshifter) (D:14)
  4 swamp worms (Swamp:1)
  12 water moccasins
  A glowing shapeshifter skeleton (D:15)
  31 orc warriors
  4 black bears
  A meliai simulacrum (D:14)
  11 ogres
  15 wolves
  19 centaurs
  3 phantoms
  7 kobold brigands
  A necrophage (Swamp:2)
  21 bullfrogs
  3 gnoll sergeants
  2 scorpions
  6 wights
  4 troll zombies (D:11)
  13 killer bees
  An electric eel (Lair:1)
  15 howler monkeys
  9 hounds
  21 orc priests
  6 gnoll boudas
  2 iguanas (D:5)
  4 jellies
  A sleepcap (D:5)
  24 orc wizards
  2 hell rats (Lair:4)
  4 ogre zombies (D:11)
  18 gnolls
  7 adders
  7 river rats (Lair:4)
  2 shadow imps
  5 white imps
  4 ufetubi
  6 worms
  2 dart slugs
  60 orcs
  6 endoplasms
  2 giant cockroaches
  6 hobgoblins
  4 jackals
  8 quokkas
  8 ball pythons
  6 bats
  2 frilled lizards
  8 goblins
  A goblin skeleton (D:11)
  2 hobgoblin skeletons (D:11)
  6 hobgoblin zombies (D:11)
  26 kobolds
  2 orc skeletons (D:11)
  14 orc zombies (D:11)
  5 rats
  3 butterflies (Lair:3)
972 creatures vanquished.

Vanquished Creatures (others)
  An entropy weaver (Spider:3)
  A pharaoh ant (Spider:2)
  A gnoll (D:7)
  4 foxfires (Swamp:2)
7 creatures vanquished.

Grand Total: 979 creatures vanquished

Notes
Turn   | Place    | Note
-------+----------+-------------------------------------------
     0 | D:1      | qw the Gargoyle Fighter began the quest for the Orb.
     0 | D:1      | Reached XP level 1. HP: 14/14 MP: 1/1
     0 | D:1      | 0 ||| qw: Version: 0.2-a-103-g5a998e5
     0 | D:1      | 0 ||| qw: Game counter: 1119
     0 | D:1      | 0 ||| qw: Always use a shield: true
     0 | D:1      | 0 ||| qw: God list: Okawaru
     0 | D:1      | 0 ||| qw: Allow faded altars: false
     0 | D:1      | 0 ||| qw: Do Orc after D:15 true
     0 | D:1      | 0 ||| qw: Do second Lair branch before Depths: true
     0 | D:1      | 0 ||| qw: Lair rune preference: random
     0 | D:1      | 0 ||| qw: Plans: Normal, Zot:1-4, Slime:5, God:TSO, Crypt,
                  | Tomb, Pan, Hells, Abyss, Win
     0 | D:1      | 0 ||| PLANNING D:1-11
    32 | D:1      | Reached skill level 2 in Axes
   204 | D:1      | 204 ||| READING scroll labelled QOWIFO ATEUNG.
   205 | D:1      | 205 ||| DRINKING 3 puce potions.
   206 | D:1      | 206 ||| DROPPING 2 potions of invisibility.
   211 | D:1      | Reached XP level 2. HP: 19/19 MP: 2/2
   308 | D:1      | HP: 4/19 [frozen (4)]
   473 | D:1      | Reached skill level 3 in Axes
   638 | D:1      | Reached XP level 3. HP: 23/23 MP: 3/3
   640 | D:1      | 640 ||| DROPPING +0 club.
   867 | D:1      | Found a faded altar of an unknown god.
  1234 | D:1      | 1234 ||| UPGRADING to ring of willpower.
  1235 | D:1      | 1235 ||| READING scroll labelled TALOUBL LIOVA.
  1236 | D:1      | 1236 ||| READING scroll labelled VUS KURATAT.
  1237 | D:1      | 1237 ||| DRINKING 2 viscous ruby potions.
  1238 | D:1      | 1238 ||| DRINKING 2 brown potions.
  1367 | D:2      | 1367 ||| Stepping ~*~*~tactically~*~*~ (stealth).
  1484 | D:2      | 1484 ||| FLEEEEING.
  1490 | D:2      | 1490 ||| STAIRDANCE
  1499 | D:1      | 1499 ||| UPGRADING to +0 plate armour.
  1509 | D:1      | 1509 ||| DROPPING +0 scale mail.
  1510 | D:1      | 1510 ||| READING scroll labelled DEZIYD PUIMIUL.
  1511 | D:1      | 1511 ||| READING scroll labelled OGOMPO JEHE.
  1612 | D:1      | 1612 ||| DRINKING 2 metallic golden potions.
  1802 | D:2      | Reached XP level 4. HP: 28/28 MP: 4/4
  2041 | D:2      | 2041 ||| DROPPING +0 whip.
  2046 | D:2      | 2046 ||| UPGRADING to +0 pair of boots.
  2051 | D:2      | 2051 ||| READING scroll labelled EGUIGE SEGYF.
  2052 | D:2      | 2052 ||| READING scroll labelled ROD OMIACOROS.
  2093 | D:3      | Reached skill level 4 in Axes
  2174 | D:3      | Identified the +3 leather armour "Fosiludgh" {rF+ rN+}
  2541 | D:3      | Noticed Sigmund
  2542 | D:3      | 2542 ||| Stepping ~*~*~tactically~*~*~ (hiding).
  2550 | D:3      | Killed Sigmund
  2551 | D:3      | Reached skill level 5 in Axes
  2551 | D:3      | Reached XP level 5. HP: 30/32 MP: 5/5
  2551 | D:3      | Reached XP level 6. HP: 35/37 MP: 6/6
  2590 | D:3      | 2590 ||| READING 2 scrolls of identify.
  2590 | D:3      | 2590 ||| IDENTIFYING yellow potion
  2617 | D:4      | 2617 ||| STAIRDANCE
  2686 | D:4      | 2686 ||| Stepping ~*~*~tactically~*~*~ (stealth).
  2692 | D:4      | 2692 ||| Stepping ~*~*~tactically~*~*~ (stealth).
  2730 | D:4      | Reached skill level 6 in Axes
  2754 | D:4      | 2754 ||| Stepping ~*~*~tactically~*~*~ (hiding).
  2758 | D:4      | Noticed a black bear
  2764 | D:4      | Reached XP level 7. HP: 38/43 MP: 7/7
  2766 | D:4      | HP: 8/43 [orc wizard/puff of flame (7)]
  2767 | D:4      | 2767 ||| DRINKING 2 potions of heal wounds.
  2798 | D:4      | 2798 ||| FLEEEEING.
  2799 | D:4      | 2799 ||| FLEEEEING.
  2800 | D:4      | 2800 ||| FLEEEEING.
  2899 | D:4      | HP: 10/43 [orc/+0 trident (3)]
  2900 | D:4      | 2900 ||| DRINKING 2 potions of heal wounds.
  3110 | D:4      | Found a burning altar of Makhleb.
  3158 | D:4      | Found a blossoming altar of Fedhas.
  3281 | D:4      | 3281 ||| UPGRADING to +5 ring of evasion.
  3282 | D:4      | 3282 ||| READING 3 scrolls labelled INIOSCH VIALE.
  3283 | D:4      | 3283 ||| READING 2 scrolls of identify.
  3283 | D:4      | 3283 ||| IDENTIFYING bubbling purple potion
  3284 | D:4      | 3284 ||| DROPPING 2 scrolls of vulnerability.
  3308 | D:5      | Entered Level 5 of the Dungeon
  3377 | D:5      | Reached skill level 7 in Axes
  3565 | D:5      | 3565 ||| Stepping ~*~*~tactically~*~*~ (hiding).
  3566 | D:5      | 3566 ||| Stepping ~*~*~tactically~*~*~ (hiding).
  3580 | D:5      | Reached skill level 1 in Dodging
  3580 | D:5      | Reached XP level 8. HP: 25/49 MP: 8/8
  3594 | D:5      | Reached skill level 1 in Throwing
  3680 | D:5      | 3680 ||| DROPPING +0 mace of draining.
  4094 | D:5      | 4094 ||| UPGRADING to +0 helmet.
  4099 | D:5      | 4099 ||| UPGRADING to +6 ring of strength.
  4101 | D:5      | 4101 ||| DROPPING ring of willpower.
  4102 | D:5      | 4102 ||| READING 2 scrolls of identify.
  4102 | D:5      | 4102 ||| IDENTIFYING black potion
  4103 | D:5      | 4103 ||| DROPPING potion of flight.
  4137 | D:6      | 4137 ||| Stepping ~*~*~tactically~*~*~ (hiding).
  4138 | D:6      | 4138 ||| Stepping ~*~*~tactically~*~*~ (hiding).
  4139 | D:6      | 4139 ||| Stepping ~*~*~tactically~*~*~ (hiding).
  4140 | D:6      | 4140 ||| Stepping ~*~*~tactically~*~*~ (hiding).
  4239 | D:6      | Reached skill level 8 in Axes
  4350 | D:6      | 4350 ||| Stepping ~*~*~tactically~*~*~ (stealth).
  4485 | D:6      | 4485 ||| Stepping ~*~*~tactically~*~*~ (stealth).
  4487 | D:6      | 4487 ||| Stepping ~*~*~tactically~*~*~ (stealth).
  4508 | D:6      | 4508 ||| Stepping ~*~*~tactically~*~*~ (hiding).
  4510 | D:6      | 4510 ||| Stepping ~*~*~tactically~*~*~ (hiding).
  4518 | D:6      | 4518 ||| Stepping ~*~*~tactically~*~*~ (stealth).
  4522 | D:6      | 4522 ||| Stepping ~*~*~tactically~*~*~ (stealth).
  4561 | D:6      | 4561 ||| Stepping ~*~*~tactically~*~*~ (stealth).
  4563 | D:6      | 4563 ||| Stepping ~*~*~tactically~*~*~ (hiding).
  4573 | D:6      | Reached skill level 6 in Fighting
  4585 | D:6      | 4585 ||| FLEEEEING.
  4586 | D:6      | 4586 ||| FLEEEEING.
  4641 | D:6      | 4641 ||| Stepping ~*~*~tactically~*~*~ (hiding).
  4642 | D:6      | 4642 ||| Stepping ~*~*~tactically~*~*~ (stealth).
  4643 | D:6      | 4643 ||| Stepping ~*~*~tactically~*~*~ (hiding).
  4650 | D:6      | Reached XP level 9. HP: 48/55 MP: 9/9
  4660 | D:6      | 4660 ||| Stepping ~*~*~tactically~*~*~ (stealth).
  4672 | D:6      | 4672 ||| FLEEEEING.
  4673 | D:6      | 4673 ||| FLEEEEING.
  4674 | D:6      | 4674 ||| Stepping ~*~*~tactically~*~*~ (hiding).
  4696 | D:6      | Reached skill level 9 in Axes
  4703 | D:6      | 4703 ||| FLEEEEING.
  4779 | D:6      | 4779 ||| FLEEEEING.
  4939 | D:6      | 4939 ||| Stepping ~*~*~tactically~*~*~ (stealth).
  4997 | D:6      | 4997 ||| UPGRADING to +0 plate armour of cold resistance.
  5012 | D:6      | 5012 ||| DROPPING +0 plate armour.
  5013 | D:6      | 5013 ||| READING scroll labelled HESUYMM SOSAYG.
  5014 | D:6      | 5014 ||| READING 3 scrolls labelled ATZIUBBIUZO.
  5015 | D:6      | 5015 ||| DROPPING 2 scrolls of noise.
  5096 | D:6      | 5096 ||| Stepping ~*~*~tactically~*~*~ (stealth).
  5183 | D:6      | Found a sparkling altar of Nemelex Xobeh.
  5286 | D:6      | 5286 ||| Stepping ~*~*~tactically~*~*~ (hiding).
  5304 | D:6      | Reached skill level 6 in Armour
  5329 | D:6      | 5329 ||| Stepping ~*~*~tactically~*~*~ (stealth).
  5330 | D:6      | 5330 ||| Stepping ~*~*~tactically~*~*~ (stealth).
  5331 | D:6      | 5331 ||| Stepping ~*~*~tactically~*~*~ (stealth).
  5382 | D:6      | 5382 ||| Stepping ~*~*~tactically~*~*~ (hiding).
  5461 | D:6      | 5461 ||| Stepping ~*~*~tactically~*~*~ (hiding).
  5462 | D:6      | 5462 ||| Stepping ~*~*~tactically~*~*~ (hiding).
  5468 | D:6      | 5468 ||| FLEEEEING.
  5469 | D:6      | 5469 ||| FLEEEEING.
  5470 | D:6      | 5470 ||| FLEEEEING.
  5471 | D:6      | 5471 ||| FLEEEEING.
  5502 | D:6      | 5502 ||| Stepping ~*~*~tactically~*~*~ (hiding).
  5515 | D:6      | HP: 7/57 [gnoll bouda/+1 whip of distortion (24)]
  5516 | D:6      | 5516 ||| READING 2 scrolls of teleportation.
  5516 | D:6      | HP: 2/57 [gnoll bouda/+1 whip of distortion (4)]
  5517 | D:6      | 5517 ||| DRINKING potion of heal wounds.
  5558 | D:6      | Noticed a cyclops
  5559 | D:6      | 5559 ||| FLEEEEING.
  5560 | D:6      | 5560 ||| FLEEEEING.
  5590 | D:6      | Killed a cyclops
  5591 | D:6      | Reached skill level 10 in Axes
  5656 | D:6      | Reached XP level 10. HP: 54/63 MP: 10/10
  5743 | D:6      | 5743 ||| Stepping ~*~*~tactically~*~*~ (hiding).
  5766 | D:6      | 5766 ||| FLEEEEING.
  5865 | D:6      | 5865 ||| Stepping ~*~*~tactically~*~*~ (stealth).
  5892 | D:6      | 5892 ||| Stepping ~*~*~tactically~*~*~ (hiding).
  5968 | D:6      | 5968 ||| READING scroll labelled ARAYT WOISUGEN.
  5969 | D:6      | 5969 ||| READING 2 scrolls of identify.
  5969 | D:6      | 5969 ||| IDENTIFYING silvery potion
  5970 | D:6      | 5970 ||| DROPPING potion of magic.
  6030 | D:7      | 6030 ||| Stepping ~*~*~tactically~*~*~ (stealth).
  6053 | D:7      | 6053 ||| Stepping ~*~*~tactically~*~*~ (stealth).
  6140 | D:7      | Identified the +7 trident "Wofuj" {vamp, rC- Will+ Dex+2
                  | Stlth+}
  6162 | D:7      | HP: 15/64 [gnoll sergeant/+0 spear (7)]
  6163 | D:7      | 6163 ||| READING scroll of teleportation.
  6175 | D:7      | HP: 10/64 [gnoll sergeant/+0 spear (6)]
  6183 | D:7      | 6183 ||| Stepping ~*~*~tactically~*~*~ (hiding).
  6184 | D:7      | 6184 ||| Stepping ~*~*~tactically~*~*~ (hiding).
  6188 | D:7      | 6188 ||| Stepping ~*~*~tactically~*~*~ (hiding).
  6190 | D:7      | 6190 ||| Stepping ~*~*~tactically~*~*~ (hiding).
  6363 | D:7      | 6363 ||| DROPPING +0 flail.
  6614 | D:7      | Found a staircase to the Ecumenical Temple.
  6615 | D:7      | 6615 ||| PLANNING TEMPLE
  6615 | D:7      | 6615 ||| DROPPING amulet of magic regeneration.
  6616 | D:7      | 6616 ||| READING scroll labelled YWNIPH VUIFADGHO.
  6622 | Temple   | Entered the Ecumenical Temple
  6662 | Temple   | 6662 ||| PLANNING OKAWARU WORSHIP
  6918 | Temple   | Became a worshipper of Warmaster Okawaru
  6918 | Temple   | 6918 ||| PLANNING D:1-11
  7127 | D:8      | 7127 ||| Stepping ~*~*~tactically~*~*~ (stealth).
  7198 | D:8      | 7198 ||| READING scroll of enchant weapon.
  7198 | D:8      | 7198 ||| ENCHANTING +1 war axe.
  7226 | D:8      | 7226 ||| Stepping ~*~*~tactically~*~*~ (hiding).
  7379 | D:8      | Reached skill level 11 in Axes
  7528 | D:8      | 7528 ||| Stepping ~*~*~tactically~*~*~ (stealth).
  7529 | D:8      | 7529 ||| Stepping ~*~*~tactically~*~*~ (stealth).
  7531 | D:8      | 7531 ||| Stepping ~*~*~tactically~*~*~ (hiding).
  7608 | D:8      | 7608 ||| Stepping ~*~*~tactically~*~*~ (stealth).
  7617 | D:8      | Found a glowing silver altar of Zin.
  7751 | D:8      | 7751 ||| Stepping ~*~*~tactically~*~*~ (stealth).
  7752 | D:8      | 7752 ||| Stepping ~*~*~tactically~*~*~ (stealth).
  8097 | D:8      | 8097 ||| READING scroll labelled RUDETO ORY.
  8156 | D:9      | Found a sacrificial altar of Ru.
  8158 | D:9      | 8158 ||| Stepping ~*~*~tactically~*~*~ (stealth).
  8160 | D:9      | 8160 ||| Stepping ~*~*~tactically~*~*~ (stealth).
  8162 | D:9      | 8162 ||| Stepping ~*~*~tactically~*~*~ (hiding).
  8471 | D:9      | Noticed a two-headed ogre
  8480 | D:9      | HP: 13/65 [orc/+0 mace (4)]
  8481 | D:9      | 8481 ||| READING scroll of teleportation.
  8481 | D:9      | HP: 2/65 [two-headed ogre/+0 giant club (12)]
  8482 | D:9      | Killed a two-headed ogre
  8482 | D:9      | Reached * piety under Okawaru
  8483 | D:9      | Reached skill level 9 in Fighting
  8483 | D:9      | 8483 ||| INVOKING Heroism.
  8756 | D:9      | 8756 ||| DRINKING 3 potions of curing.
  8756 | D:9      | 8756 ||| (to cure confusion)
  8861 | D:9      | 8861 ||| INVOKING Heroism.
  8873 | D:9      | Reached skill level 1 in Invocations
  8873 | D:9      | Reached XP level 11. HP: 66/72 MP: 9/12
  8908 | D:9      | 8908 ||| Stepping ~*~*~tactically~*~*~ (stealth).
  8909 | D:9      | 8909 ||| Stepping ~*~*~tactically~*~*~ (stealth).
  8942 | D:9      | 8942 ||| Stepping ~*~*~tactically~*~*~ (stealth).
  8944 | D:9      | 8944 ||| Stepping ~*~*~tactically~*~*~ (hiding).
  8979 | D:9      | 8979 ||| Stepping ~*~*~tactically~*~*~ (stealth).
  8980 | D:9      | 8980 ||| Stepping ~*~*~tactically~*~*~ (stealth).
  9085 | D:9      | 9085 ||| Stepping ~*~*~tactically~*~*~ (hiding).
  9129 | D:9      | 9129 ||| Stepping ~*~*~tactically~*~*~ (hiding).
  9327 | D:9      | 9327 ||| READING scroll labelled LIEKLU MOITSAKK.
  9332 | D:9      | Reached skill level 3 in Invocations
  9533 | D:9      | 9533 ||| Stepping ~*~*~tactically~*~*~ (stealth).
  9662 | D:9      | 9662 ||| READING 4 scrolls of identify.
  9662 | D:9      | 9662 ||| IDENTIFYING bubbling golden potion
  9663 | D:9      | 9663 ||| DROPPING potion of brilliance.
  9777 | D:10     | Entered Level 10 of the Dungeon
  9777 | D:10     | Found Xysiun's General Store.
  9782 | D:10     | 9782 ||| BUYING +5 hand axe of Cebriu {venom, +Blink rC+}
                  | (545 gold).
  9782 | D:10     | Bought the +5 hand axe of Cebriu {venom, +Blink rC+} for
                  | 545 gold pieces
  9782 | D:10     | 9782 ||| BUYING potion of heal wounds (55 gold).
  9782 | D:10     | Bought a potion of heal wounds for 55 gold pieces
  9793 | D:10     | 9793 ||| READING scroll of enchant weapon.
  9793 | D:10     | 9793 ||| ENCHANTING +2 war axe.
  9794 | D:10     | 9794 ||| DROPPING +5 hand axe of Cebriu {venom, +Blink
                  | rC+}.
  9864 | D:10     | Found Saes Zoq's Neck Hole.
  9871 | D:10     | Noticed a two-headed ogre
  9872 | D:10     | 9872 ||| BUYING +0 cloak (58 gold).
  9872 | D:10     | Bought a +0 cloak for 58 gold pieces
  9872 | D:10     | 9872 ||| SHOPLISTING amulet of faith (520 gold, have 2).
  9872 | D:10     | 9872 ||| SHOPLISTING amulet of reflection (390 gold, have
                  | 2).
  9874 | D:10     | 9874 ||| INVOKING Heroism.
  9883 | D:10     | Killed a two-headed ogre
  9935 | D:10     | 9935 ||| INVOKING Heroism.
 10086 | D:10     | Found a staircase to the Lair.
 10091 | D:10     | 10091 ||| READING scroll of enchant armour.
 10091 | D:10     | 10091 ||| ENCHANTING +0 helmet.
 10123 | D:10     | 10123 ||| Stepping ~*~*~tactically~*~*~ (stealth).
 10124 | D:10     | 10124 ||| Stepping ~*~*~tactically~*~*~ (stealth).
 10126 | D:10     | 10126 ||| Stepping ~*~*~tactically~*~*~ (stealth).
 10139 | D:10     | 10139 ||| INVOKING Heroism.
 10194 | D:10     | Identified the +3 leather armour of the Slug {rN+}
 10201 | D:10     | Reached ** piety under Okawaru
 10327 | D:10     | 10327 ||| PLANNING LAIR
 10327 | D:10     | 10327 ||| UPGRADING to +0 cloak.
 10332 | D:10     | 10332 ||| READING 3 scrolls of identify.
 10332 | D:10     | 10332 ||| IDENTIFYING grey potion
 10371 | Lair:1   | Entered Level 1 of the Lair of Beasts
 10372 | Lair:1   | 10372 ||| INVOKING Heroism.
 10423 | Lair:1   | 10423 ||| INVOKING Heroism.
 10442 | Lair:1   | Noticed Amaemon
 10449 | Lair:1   | Reached skill level 12 in Axes
 10451 | Lair:1   | 10451 ||| INVOKING Heroism.
 10461 | Lair:1   | Killed Amaemon
 10462 | Lair:1   | Reached skill level 6 in Shields
 10541 | Lair:1   | 10541 ||| DROPPING +4 flail.
 10554 | Lair:1   | Found a runed translucent door.
 10734 | Lair:1   | 10734 ||| INVOKING Heroism.
 10740 | Lair:1   | Reached skill level 9 in Armour
 10750 | Lair:1   | Reached *** piety under Okawaru
 10769 | Lair:1   | 10769 ||| INVOKING Heroism.
 10872 | Lair:1   | 10872 ||| Stepping ~*~*~tactically~*~*~ (stealth).
 10873 | Lair:1   | 10873 ||| INVOKING Heroism.
 10896 | Lair:1   | Found a transporter.
 10980 | Lair:1   | Reached XP level 12. HP: 76/77 MP: 15/15
 11095 | Lair:1   | Found a transporter.
 11185 | Lair:1   | Noticed a boulder beetle
 11233 | Lair:1   | Noticed Kaece's ghost (novice TeFE)
 11263 | Lair:2   | Found a hole to the Spider Nest.
 11267 | Lair:2   | 11267 ||| INVOKING Heroism.
 11277 | Lair:2   | Reached skill level 13 in Axes
 11330 | Lair:2   | 11330 ||| INVOKING Heroism.
 11397 | Lair:2   | Noticed a six-headed hydra
 11398 | Lair:2   | 11398 ||| INVOKING Heroism.
 11403 | Lair:2   | 11403 ||| SWAPPING to +1 demon whip of venom.
 11406 | Lair:2   | Killed a six-headed hydra
 11407 | Lair:2   | 11407 ||| SWAPPING to +3 war axe.
 11408 | Lair:2   | 11408 ||| Stepping ~*~*~tactically~*~*~ (stealth).
 11424 | Lair:2   | 11424 ||| INVOKING Heroism.
 11608 | Lair:2   | 11608 ||| Stepping ~*~*~tactically~*~*~ (stealth).
 11609 | Lair:2   | 11609 ||| Stepping ~*~*~tactically~*~*~ (stealth).
 11610 | Lair:2   | 11610 ||| Stepping ~*~*~tactically~*~*~ (stealth).
 11611 | Lair:2   | 11611 ||| INVOKING Heroism.
 11621 | Lair:2   | Reached **** piety under Okawaru
 11628 | Lair:2   | 11628 ||| INVOKING Heroism.
 11734 | Lair:2   | 11734 ||| INVOKING Heroism.
 11737 | Lair:2   | 11737 ||| Stepping ~*~*~tactically~*~*~ (stealth).
 11852 | Lair:2   | Noticed a skyshark
 11853 | Lair:2   | 11853 ||| FLEEEEING.
 11854 | Lair:2   | 11854 ||| FLEEEEING.
 11855 | Lair:2   | 11855 ||| FLEEEEING.
 11856 | Lair:2   | 11856 ||| FLEEEEING.
 11857 | Lair:2   | 11857 ||| STAIRDANCE
 12029 | Lair:2   | 12029 ||| Stepping ~*~*~tactically~*~*~ (stealth).
 12093 | Lair:2   | Noticed Urug
 12094 | Lair:2   | 12094 ||| Stepping ~*~*~tactically~*~*~ (hiding).
 12099 | Lair:2   | 12099 ||| INVOKING Heroism.
 12111 | Lair:2   | Killed Urug
 12112 | Lair:2   | Reached skill level 6 in Invocations
 12272 | Lair:2   | 12272 ||| INVOKING Heroism.
 12287 | Lair:2   | 12287 ||| INVOKING Heroism.
 12302 | Lair:2   | Reached skill level 14 in Axes
 12305 | Lair:2   | Received a gift from Okawaru
 12343 | Lair:2   | 12343 ||| INVOKING Heroism.
 12414 | Lair:2   | 12414 ||| Stepping ~*~*~tactically~*~*~ (stealth).
 12419 | Lair:2   | Reached skill level 3 in Throwing
 12419 | Lair:2   | Reached XP level 13. HP: 82/82 MP: 17/17
 12431 | Lair:2   | 12431 ||| INVOKING Heroism.
 12470 | Lair:2   | 12470 ||| INVOKING Heroism.
 12538 | Lair:2   | 12538 ||| INVOKING Heroism.
 12586 | Lair:2   | 12586 ||| READING scroll of enchant weapon.
 12586 | Lair:2   | 12586 ||| ENCHANTING +3 war axe.
 12774 | Lair:2   | Found a staircase to the Swamp.
 12950 | Lair:3   | 12950 ||| Stepping ~*~*~tactically~*~*~ (stealth).
 12955 | Lair:3   | 12955 ||| INVOKING Heroism.
 12957 | Lair:3   | 12957 ||| SWAPPING to +1 demon whip of venom.
 12969 | Lair:3   | 12969 ||| SWAPPING to +4 war axe.
 13127 | Lair:3   | 13127 ||| INVOKING Heroism.
 13397 | Lair:3   | 13397 ||| INVOKING Heroism.
 13632 | Lair:3   | 13632 ||| Stepping ~*~*~tactically~*~*~ (stealth).
 13635 | Lair:3   | 13635 ||| Stepping ~*~*~tactically~*~*~ (stealth).
 13654 | Lair:3   | 13654 ||| INVOKING Heroism.
 13829 | Lair:3   | 13829 ||| Stepping ~*~*~tactically~*~*~ (hiding).
 13994 | Lair:3   | 13994 ||| INVOKING Heroism.
 14101 | Lair:4   | 14101 ||| Stepping ~*~*~tactically~*~*~ (stealth).
 14103 | Lair:4   | 14103 ||| Stepping ~*~*~tactically~*~*~ (stealth).
 14144 | Lair:4   | 14144 ||| INVOKING Heroism.
 14162 | Lair:4   | 14162 ||| Stepping ~*~*~tactically~*~*~ (stealth).
 14189 | Lair:4   | Reached ***** piety under Okawaru
 14288 | Lair:4   | 14288 ||| Stepping ~*~*~tactically~*~*~ (stealth).
 14290 | Lair:4   | 14290 ||| INVOKING Heroism.
 14291 | Lair:4   | 14291 ||| Stepping ~*~*~tactically~*~*~ (stealth).
 14440 | Lair:4   | 14440 ||| INVOKING Heroism.
 14444 | Lair:4   | Reached skill level 9 in Invocations
 14655 | Lair:4   | Received a gift from Okawaru
 14691 | Lair:4   | Found a staircase to the Slime Pits.
 14980 | Lair:4   | 14980 ||| READING 9 scrolls of identify.
 14980 | Lair:4   | 14980 ||| IDENTIFYING green potion
 14981 | Lair:4   | 14981 ||| READING 8 scrolls of identify.
 14981 | Lair:4   | 14981 ||| IDENTIFYING lumpy black potion
 14982 | Lair:4   | 14982 ||| DROPPING potion of degeneration.
 14983 | Lair:4   | 14983 ||| DROPPING potion of ambrosia.
 14987 | Lair:4   | 14987 ||| INVOKING Heroism.
 14989 | Lair:4   | 14989 ||| SWAPPING to +1 demon whip of venom.
 14995 | Lair:4   | Gained mutation: Your large and strong wings let you fly.
                  | [Gargoyle growth]
 14995 | Lair:4   | Reached XP level 14. HP: 90/90 MP: 17/21
 14995 | Lair:4   | 14995 ||| SWAPPING to +4 war axe.
 15048 | Lair:5   | Entered Level 5 of the Lair of Beasts
 15057 | Lair:5   | 15057 ||| INVOKING Heroism.
 15082 | Lair:5   | 15082 ||| Stepping ~*~*~tactically~*~*~ (stealth).
 15113 | Lair:5   | 15113 ||| INVOKING Heroism.
 15119 | Lair:5   | Reached skill level 15 in Axes
 15157 | Lair:5   | 15157 ||| INVOKING Finesse.
 15169 | Lair:5   | 15169 ||| SWAPPING to +1 demon whip of venom.
 15176 | Lair:5   | 15176 ||| SWAPPING to +4 war axe.
 15355 | Lair:5   | 15355 ||| FLEEEEING.
 15356 | Lair:5   | 15356 ||| FLEEEEING.
 15357 | Lair:5   | 15357 ||| FLEEEEING.
 15358 | Lair:5   | 15358 ||| FLEEEEING.
 15359 | Lair:5   | 15359 ||| FLEEEEING.
 15360 | Lair:5   | 15360 ||| FLEEEEING.
 15362 | Lair:5   | 15362 ||| STAIRDANCE
 15390 | Lair:4   | 15390 ||| UPGRADING to ring of see invisible.
 15438 | Lair:5   | 15438 ||| INVOKING Heroism.
 15503 | Lair:5   | 15503 ||| INVOKING Heroism.
 15542 | Lair:5   | Reached skill level 12 in Fighting
 15545 | Lair:5   | Identified the +1 trident of Qokh {spect, rPois Int+6}
                  | (Okawaru gifted it to you on level 5 of the Lair of Beasts)
 15545 | Lair:5   | Received a gift from Okawaru
 15616 | Lair:5   | 15616 ||| FLEEEEING.
 15617 | Lair:5   | 15617 ||| STAIRDANCE
 15664 | Lair:5   | 15664 ||| STAIRDANCE
 15673 | Lair:4   | 15673 ||| INVOKING Heroism.
 15816 | Lair:5   | 15816 ||| INVOKING Heroism.
 15871 | Lair:5   | 15871 ||| Stepping ~*~*~tactically~*~*~ (stealth).
 15872 | Lair:5   | 15872 ||| Stepping ~*~*~tactically~*~*~ (stealth).
 15873 | Lair:5   | 15873 ||| Stepping ~*~*~tactically~*~*~ (stealth).
 15973 | Lair:5   | 15973 ||| INVOKING Heroism.
 16000 | Lair:5   | 16000 ||| FLEEEEING.
 16001 | Lair:5   | 16001 ||| FLEEEEING.
 16002 | Lair:5   | 16002 ||| Stepping ~*~*~tactically~*~*~ (stealth).
 16003 | Lair:5   | 16003 ||| Stepping ~*~*~tactically~*~*~ (stealth).
 16004 | Lair:5   | 16004 ||| Stepping ~*~*~tactically~*~*~ (stealth).
 16005 | Lair:5   | 16005 ||| INVOKING Heroism.
 16044 | Lair:5   | 16044 ||| Stepping ~*~*~tactically~*~*~ (stealth).
 16213 | Lair:5   | 16213 ||| Stepping ~*~*~tactically~*~*~ (stealth).
 16241 | Lair:5   | 16241 ||| INVOKING Heroism.
 16430 | Lair:5   | 16430 ||| Stepping ~*~*~tactically~*~*~ (stealth).
 16445 | Lair:5   | 16445 ||| Stepping ~*~*~tactically~*~*~ (stealth).
 16447 | Lair:5   | 16447 ||| Stepping ~*~*~tactically~*~*~ (stealth).
 16459 | Lair:5   | Reached skill level 16 in Axes
 16477 | Lair:5   | 16477 ||| Stepping ~*~*~tactically~*~*~ (stealth).
 16486 | Lair:5   | 16486 ||| Stepping ~*~*~tactically~*~*~ (stealth).
 16495 | Lair:5   | 16495 ||| Stepping ~*~*~tactically~*~*~ (stealth).
 16509 | Lair:5   | 16509 ||| INVOKING Heroism.
 16655 | Lair:5   | 16655 ||| INVOKING Heroism.
 16660 | Lair:5   | 16660 ||| SWAPPING to +1 demon whip of venom.
 16666 | Lair:5   | 16666 ||| SWAPPING to +4 war axe.
 16988 | Lair:5   | 16988 ||| INVOKING Heroism.
 16993 | Lair:5   | 16993 ||| SWAPPING to +1 demon whip of venom.
 17001 | Lair:5   | 17001 ||| SWAPPING to +4 war axe.
 17093 | Lair:5   | Received a gift from Okawaru
 17362 | Lair:5   | 17362 ||| PLANNING D:1-11
 17362 | Lair:5   | 17362 ||| DROPPING orb of guile.
 17363 | Lair:5   | 17363 ||| DROPPING +6 ring of intelligence.
 17583 | D:11     | 17583 ||| Stepping ~*~*~tactically~*~*~ (hiding).
 17584 | D:11     | 17584 ||| Stepping ~*~*~tactically~*~*~ (hiding).
 17595 | D:11     | 17595 ||| Stepping ~*~*~tactically~*~*~ (hiding).
 17715 | D:11     | 17715 ||| Stepping ~*~*~tactically~*~*~ (stealth).
 17716 | D:11     | 17716 ||| Stepping ~*~*~tactically~*~*~ (stealth).
 17724 | D:11     | 17724 ||| Stepping ~*~*~tactically~*~*~ (stealth).
 17762 | D:11     | 17762 ||| FLEEEEING.
 17774 | D:11     | 17774 ||| FLEEEEING.
 17775 | D:11     | 17775 ||| FLEEEEING.
 17857 | D:11     | Found a staircase to the Orcish Mines.
 18042 | D:11     | 18042 ||| Stepping ~*~*~tactically~*~*~ (stealth).
 18112 | D:11     | Reached XP level 15. HP: 76/96 MP: 22/22
 18233 | D:11     | 18233 ||| Stepping ~*~*~tactically~*~*~ (stealth).
 18238 | D:11     | 18238 ||| Stepping ~*~*~tactically~*~*~ (stealth).
 18687 | D:11     | 18687 ||| PLANNING D
 18702 | D:12     | 18702 ||| PLANNING GAUNTLET
 18718 | D:12     | 18718 ||| STAIRDANCE
 18840 | D:12     | Noticed Nergalle
 18844 | D:12     | 18844 ||| Stepping ~*~*~tactically~*~*~ (hiding).
 18855 | D:12     | Killed Nergalle
 18883 | D:12     | Found Nagiruyng's Weapon Shop.
 18898 | D:12     | 18898 ||| Stepping ~*~*~tactically~*~*~ (hiding).
 18899 | D:12     | 18899 ||| Stepping ~*~*~tactically~*~*~ (hiding).
 19056 | D:12     | Reached skill level 6 in Throwing
 19127 | D:12     | Identified the +4 flail "Yjexieji" {flame, Int+2}
 19136 | D:12     | 19136 ||| DRINKING 5 potions of curing.
 19136 | D:12     | 19136 ||| (to cure confusion)
 19140 | D:12     | Reached skill level 3 in Dodging
 19160 | D:12     | 19160 ||| Stepping ~*~*~tactically~*~*~ (hiding).
 19161 | D:12     | 19161 ||| Stepping ~*~*~tactically~*~*~ (hiding).
 19162 | D:12     | 19162 ||| Stepping ~*~*~tactically~*~*~ (hiding).
 19164 | D:12     | 19164 ||| Stepping ~*~*~tactically~*~*~ (hiding).
 19222 | D:12     | 19222 ||| RIP GAUNTLET
 19297 | D:12     | 19297 ||| PLANNING D
 19313 | D:12     | Reached skill level 12 in Armour
 19799 | D:12     | 19799 ||| INVOKING Heroism.
 19801 | D:12     | 19801 ||| Stepping ~*~*~tactically~*~*~ (stealth).
 19819 | D:12     | Received a gift from Okawaru
 19861 | D:12     | 19861 ||| UPGRADING to +0 pair of gloves.
 19897 | D:13     | 19897 ||| Stepping ~*~*~tactically~*~*~ (hiding).
 19936 | D:13     | 19936 ||| Stepping ~*~*~tactically~*~*~ (stealth).
 19937 | D:13     | 19937 ||| Stepping ~*~*~tactically~*~*~ (stealth).
 19973 | D:13     | 19973 ||| Stepping ~*~*~tactically~*~*~ (hiding).
 19974 | D:13     | 19974 ||| Stepping ~*~*~tactically~*~*~ (hiding).
 20107 | D:13     | Received a gift from Okawaru
 20215 | D:13     | Received a gift from Okawaru
 20297 | D:13     | Found a gate to the Vaults.
 20310 | D:13     | 20310 ||| INVOKING Heroism.
 20669 | D:13     | Noticed Maurice
 20670 | D:13     | 20670 ||| Stepping ~*~*~tactically~*~*~ (hiding).
 20672 | D:13     | 20672 ||| Stepping ~*~*~tactically~*~*~ (hiding).
 20674 | D:13     | 20674 ||| Stepping ~*~*~tactically~*~*~ (hiding).
 20678 | D:13     | 20678 ||| Stepping ~*~*~tactically~*~*~ (hiding).
 20679 | D:13     | 20679 ||| Stepping ~*~*~tactically~*~*~ (hiding).
 20681 | D:13     | 20681 ||| Stepping ~*~*~tactically~*~*~ (hiding).
 20690 | D:13     | 20690 ||| FLEEEEING.
 20691 | D:13     | 20691 ||| FLEEEEING.
 20697 | D:13     | 20697 ||| FLEEEEING.
 20698 | D:13     | 20698 ||| STAIRDANCE
 20738 | D:12     | 20738 ||| READING 3 scrolls labelled LEAPTO WUOTELAFF.
 20738 | D:12     | Identified 3 scrolls of acquirement
 20738 | D:12     | 20738 ||| ACQUIRING +5 war axe of draining
 20738 | D:12     | Acquired a +5 war axe of draining
 20740 | D:12     | 20740 ||| SWAPPING to +5 war axe of draining.
 20741 | D:12     | 20741 ||| DROPPING +4 war axe.
 20742 | D:12     | 20742 ||| READING 2 scrolls of acquirement.
 20742 | D:12     | 20742 ||| ACQUIRING scarf "Necur" {rC+ rF+, +Blink Will-
                  | Str+4 Slay+3}
 20742 | D:12     | Acquired the scarf "Necur" {rC+ rF+, +Blink Will- Str+4
                  | Slay+3}
 20743 | D:12     | 20743 ||| READING scroll of acquirement.
 20743 | D:12     | 20743 ||| ACQUIRING +1 helmet "Qizuaddyst" {rF++ rN++
                  | Slay-2}
 20743 | D:12     | Acquired the +1 helmet "Qizuaddyst" {rF++ rN++ Slay-2}
 20745 | D:12     | 20745 ||| UPGRADING to +1 helmet "Qizuaddyst" {rF++ rN++
                  | Slay-2}.
 20755 | D:12     | 20755 ||| UPGRADING to scarf "Necur" {rC+ rF+, +Blink Will-
                  | Str+4 Slay+3}.
 20765 | D:12     | 20765 ||| DROPPING +0 cloak.
 20770 | D:13     | Killed Maurice
 20849 | D:13     | 20849 ||| READING scroll of enchant weapon.
 20849 | D:13     | 20849 ||| ENCHANTING +5 war axe of draining.
 21105 | D:13     | Noticed Sonja
 21106 | D:13     | 21106 ||| INVOKING Finesse.
 21121 | D:13     | 21121 ||| INVOKING Heroism.
 21130 | D:13     | HP: 10/98 [Sonja/+3 short sword of distortion (19)]
 21131 | D:13     | 21131 ||| READING 4 scrolls of teleportation.
 21132 | D:13     | 21132 ||| DRINKING 5 potions of heal wounds.
 21348 | D:13     | 21348 ||| Stepping ~*~*~tactically~*~*~ (stealth).
 21350 | D:13     | 21350 ||| Stepping ~*~*~tactically~*~*~ (hiding).
 21351 | D:13     | 21351 ||| Stepping ~*~*~tactically~*~*~ (hiding).
 21353 | D:13     | 21353 ||| Stepping ~*~*~tactically~*~*~ (hiding).
 21354 | D:13     | 21354 ||| Stepping ~*~*~tactically~*~*~ (hiding).
 21368 | D:13     | 21368 ||| Stepping ~*~*~tactically~*~*~ (hiding).
 21371 | D:13     | 21371 ||| INVOKING Heroism.
 21374 | D:13     | Killed Sonja
 21613 | D:13     | Reached skill level 9 in Shields
 21631 | D:13     | Received a gift from Okawaru
 21636 | D:13     | 21636 ||| INVOKING Heroism.
 21755 | D:13     | 21755 ||| INVOKING Heroism.
 21756 | D:13     | 21756 ||| SWAPPING to +1 demon whip of venom.
 21763 | D:13     | 21763 ||| SWAPPING to +6 war axe of draining.
 21766 | D:13     | 21766 ||| SWAPPING to +1 demon whip of venom.
 21779 | D:13     | 21779 ||| SWAPPING to +6 war axe of draining.
 22073 | D:14     | 22073 ||| Stepping ~*~*~tactically~*~*~ (stealth).
 22074 | D:14     | 22074 ||| Stepping ~*~*~tactically~*~*~ (hiding).
 22082 | D:14     | Received a gift from Okawaru
 22101 | D:14     | 22101 ||| INVOKING Heroism.
 22392 | D:14     | 22392 ||| INVOKING Heroism.
 22400 | D:14     | Received a gift from Okawaru
 22423 | D:14     | 22423 ||| STAIRDANCE
 22426 | D:13     | Reached XP level 16. HP: 52/107 MP: 23/23
 22573 | D:13     | 22573 ||| UPGRADING to +2 pair of boots.
 22583 | D:13     | 22583 ||| DROPPING +0 pair of boots.
 22584 | D:13     | 22584 ||| DROPPING +6 ring of dexterity.
 22587 | D:14     | 22587 ||| INVOKING Heroism.
 22688 | D:14     | 22688 ||| READING scroll of enchant armour.
 22688 | D:14     | 22688 ||| ENCHANTING +0 pair of gloves.
 22728 | D:14     | 22728 ||| Stepping ~*~*~tactically~*~*~ (stealth).
 22730 | D:14     | 22730 ||| Stepping ~*~*~tactically~*~*~ (stealth).
 22747 | D:14     | Reached skill level 15 in Fighting
 22932 | D:15     | Entered Level 15 of the Dungeon
 22951 | D:15     | 22951 ||| Stepping ~*~*~tactically~*~*~ (hiding).
 22952 | D:15     | 22952 ||| Stepping ~*~*~tactically~*~*~ (hiding).
 22953 | D:15     | 22953 ||| Stepping ~*~*~tactically~*~*~ (hiding).
 22955 | D:15     | 22955 ||| Stepping ~*~*~tactically~*~*~ (hiding).
 23066 | D:15     | Found a staircase to the Depths.
 23078 | D:15     | 23078 ||| INVOKING Heroism.
 23086 | D:15     | HP: 19/108 [titan zombie (18)]
 23087 | D:15     | 23087 ||| READING 6 scrolls of teleportation.
 23088 | D:15     | 23088 ||| DRINKING 4 potions of heal wounds.
 23095 | D:15     | HP: 22/108 [purple ugly thing (13)]
 23096 | D:15     | 23096 ||| READING 5 scrolls of teleportation.
 23097 | D:15     | 23097 ||| DRINKING 3 potions of heal wounds.
 23110 | D:15     | 23110 ||| Stepping ~*~*~tactically~*~*~ (stealth).
 23121 | D:15     | 23121 ||| INVOKING Heroism.
 23176 | D:15     | 23176 ||| INVOKING Heroism.
 23177 | D:15     | Found Pahaok's Pet Rocks.
 23188 | D:15     | 23188 ||| Stepping ~*~*~tactically~*~*~ (hiding).
 23239 | D:15     | 23239 ||| Stepping ~*~*~tactically~*~*~ (hiding).
 23240 | D:15     | 23240 ||| Stepping ~*~*~tactically~*~*~ (hiding).
 23241 | D:15     | 23241 ||| Stepping ~*~*~tactically~*~*~ (hiding).
 23242 | D:15     | 23242 ||| Stepping ~*~*~tactically~*~*~ (hiding).
 23250 | D:15     | 23250 ||| INVOKING Heroism.
 23268 | D:15     | 23268 ||| Stepping ~*~*~tactically~*~*~ (hiding).
 23308 | D:15     | 23308 ||| INVOKING Heroism.
 23309 | D:15     | 23309 ||| SWAPPING to +1 demon whip of venom.
 23315 | D:15     | 23315 ||| SWAPPING to +6 war axe of draining.
 23382 | D:15     | 23382 ||| INVOKING Heroism.
 23385 | D:15     | 23385 ||| Stepping ~*~*~tactically~*~*~ (hiding).
 23386 | D:15     | 23386 ||| SWAPPING to +1 demon whip of venom.
 23393 | D:15     | 23393 ||| SWAPPING to +6 war axe of draining.
 23472 | D:15     | 23472 ||| INVOKING Heroism.
 23484 | D:15     | Received a gift from Okawaru
 23504 | D:15     | Noticed Rupert
 23505 | D:15     | 23505 ||| INVOKING Heroism.
 23512 | D:15     | 23512 ||| DRINKING 6 potions of curing.
 23512 | D:15     | 23512 ||| (to cure confusion)
 23519 | D:15     | Killed Rupert
 23903 | D:15     | 23903 ||| PLANNING ORC
 23903 | D:15     | 23903 ||| UPGRADING to +1 kite shield of reflection.
 23913 | D:15     | 23913 ||| DROPPING +0 buckler.
 23914 | D:15     | 23914 ||| DROPPING +6 ring of strength.
 23973 | Orc:1    | Entered Level 1 of the Orcish Mines
 23975 | Orc:1    | 23975 ||| FLEEEEING.
 23976 | Orc:1    | 23976 ||| STAIRDANCE
 24023 | Orc:1    | 24023 ||| STAIRDANCE
 24100 | Orc:1    | 24100 ||| Stepping ~*~*~tactically~*~*~ (hiding).
 24101 | Orc:1    | 24101 ||| Stepping ~*~*~tactically~*~*~ (hiding).
 24120 | Orc:1    | 24120 ||| INVOKING Heroism.
 24179 | Orc:1    | Found Ojog's Distillery.
 24188 | Orc:1    | 24188 ||| BUYING 2 potions of cancellation (256 gold).
 24188 | Orc:1    | Bought 2 potions of cancellation for 256 gold pieces
 24188 | Orc:1    | 24188 ||| BUYING potion of curing (48 gold).
 24188 | Orc:1    | Bought a potion of curing for 48 gold pieces
 24188 | Orc:1    | 24188 ||| BUYING potion of heal wounds (80 gold).
 24188 | Orc:1    | Bought a potion of heal wounds for 80 gold pieces
 24188 | Orc:1    | 24188 ||| BUYING potion of magic (128 gold).
 24188 | Orc:1    | Bought a potion of magic for 128 gold pieces
 24254 | Orc:1    | 24254 ||| Stepping ~*~*~tactically~*~*~ (hiding).
 24263 | Orc:1    | 24263 ||| Stepping ~*~*~tactically~*~*~ (hiding).
 24268 | Orc:1    | 24268 ||| Stepping ~*~*~tactically~*~*~ (hiding).
 24293 | Orc:1    | 24293 ||| Stepping ~*~*~tactically~*~*~ (hiding).
 24423 | Orc:2    | Entered Level 2 of the Orcish Mines
 24429 | Orc:2    | 24429 ||| Stepping ~*~*~tactically~*~*~ (stealth).
 24430 | Orc:2    | 24430 ||| Stepping ~*~*~tactically~*~*~ (stealth).
 24433 | Orc:2    | 24433 ||| Stepping ~*~*~tactically~*~*~ (hiding).
 24434 | Orc:2    | 24434 ||| Stepping ~*~*~tactically~*~*~ (hiding).
 24435 | Orc:2    | 24435 ||| Stepping ~*~*~tactically~*~*~ (hiding).
 24513 | Orc:2    | 24513 ||| Stepping ~*~*~tactically~*~*~ (stealth).
 24517 | Orc:2    | 24517 ||| Stepping ~*~*~tactically~*~*~ (hiding).
 24519 | Orc:2    | 24519 ||| Stepping ~*~*~tactically~*~*~ (hiding).
 24636 | Orc:2    | 24636 ||| Stepping ~*~*~tactically~*~*~ (hiding).
 24640 | Orc:2    | 24640 ||| Stepping ~*~*~tactically~*~*~ (hiding).
 24649 | Orc:2    | 24649 ||| Stepping ~*~*~tactically~*~*~ (hiding).
 24657 | Orc:2    | Received a gift from Okawaru
 24658 | Orc:2    | 24658 ||| Stepping ~*~*~tactically~*~*~ (hiding).
 24670 | Orc:2    | 24670 ||| INVOKING Heroism.
 24703 | Orc:2    | Found Tuceulop's Antique Armour Boutique.
 24703 | Orc:2    | Found Uklaig Goluf's Antique Weapon Shoppe.
 24708 | Orc:2    | Found Apokletz's Antique Armour Shop.
 24743 | Orc:2    | Found Nicwoz's General Store.
 24766 | Orc:2    | 24766 ||| SWAPPING to +0 broad axe.
 24767 | Orc:2    | 24767 ||| DROPPING +6 war axe of draining.
 24768 | Orc:2    | 24768 ||| DROPPING +1 demon whip of venom.
 24860 | Orc:2    | 24860 ||| Stepping ~*~*~tactically~*~*~ (hiding).
 24861 | Orc:2    | 24861 ||| Stepping ~*~*~tactically~*~*~ (hiding).
 24862 | Orc:2    | 24862 ||| Stepping ~*~*~tactically~*~*~ (hiding).
 24864 | Orc:2    | 24864 ||| Stepping ~*~*~tactically~*~*~ (hiding).
 24873 | Orc:2    | 24873 ||| Stepping ~*~*~tactically~*~*~ (stealth).
 24876 | Orc:2    | 24876 ||| Stepping ~*~*~tactically~*~*~ (stealth).
 25021 | Orc:2    | 25021 ||| BUYING shiny chain mail (217 gold).
 25021 | Orc:2    | Bought a shiny chain mail for 217 gold pieces
 25024 | Orc:2    | 25024 ||| BUYING potion of cancellation (128 gold).
 25024 | Orc:2    | Bought a potion of cancellation for 128 gold pieces
 25024 | Orc:2    | 25024 ||| BUYING potion of heal wounds (80 gold).
 25024 | Orc:2    | Bought a potion of heal wounds for 80 gold pieces
 25024 | Orc:2    | 25024 ||| BUYING scroll of teleportation (48 gold).
 25024 | Orc:2    | Bought a scroll of teleportation for 48 gold pieces
 25029 | Orc:2    | 25029 ||| SHOPLISTING crystal plate armour (2560 gold, have
                  | 828).
 25063 | Orc:2    | 25063 ||| DROPPING +2 chain mail of cold resistance.
 25248 | Orc:2    | Found a staircase to the Elven Halls.
 25378 | Orc:2    | 25378 ||| Stepping ~*~*~tactically~*~*~ (hiding).
 25379 | Orc:2    | 25379 ||| Stepping ~*~*~tactically~*~*~ (hiding).
 25529 | Orc:2    | 25529 ||| Stepping ~*~*~tactically~*~*~ (hiding).
 25713 | Orc:2    | 25713 ||| PLANNING SPIDER:1-3
 25851 | Spider:1 | Entered Level 1 of the Spider Nest
 25898 | Spider:1 | 25898 ||| INVOKING Finesse.
 25910 | Spider:1 | 25910 ||| INVOKING Heroism.
 25931 | Spider:1 | 25931 ||| Stepping ~*~*~tactically~*~*~ (stealth).
 26255 | Spider:1 | 26255 ||| INVOKING Heroism.
 26453 | Spider:1 | 26453 ||| Stepping ~*~*~tactically~*~*~ (hiding).
 26462 | Spider:1 | 26462 ||| INVOKING Heroism.
 26632 | Spider:1 | 26632 ||| INVOKING Heroism.
 26664 | Spider:1 | 26664 ||| Stepping ~*~*~tactically~*~*~ (stealth).
 26677 | Spider:1 | 26677 ||| INVOKING Heroism.
 26683 | Spider:1 | Reached skill level 12 in Shields
 26727 | Spider:1 | 26727 ||| FLEEEEING.
 26728 | Spider:1 | 26728 ||| FLEEEEING.
 26729 | Spider:1 | 26729 ||| FLEEEEING.
 26730 | Spider:1 | 26730 ||| FLEEEEING.
 26733 | Spider:1 | 26733 ||| FLEEEEING.
 26734 | Spider:1 | 26734 ||| FLEEEEING.
 26735 | Spider:1 | 26735 ||| FLEEEEING.
 26736 | Spider:1 | 26736 ||| FLEEEEING.
 26739 | Spider:1 | 26739 ||| FLEEEEING.
 26740 | Spider:1 | 26740 ||| FLEEEEING.
 26741 | Spider:1 | 26741 ||| FLEEEEING.
 26742 | Spider:1 | 26742 ||| FLEEEEING.
 26743 | Spider:1 | 26743 ||| FLEEEEING.
 26744 | Spider:1 | 26744 ||| FLEEEEING.
 26746 | Spider:1 | 26746 ||| FLEEEEING.
 26750 | Spider:1 | 26750 ||| FLEEEEING.
 26751 | Spider:1 | 26751 ||| FLEEEEING.
 26752 | Spider:1 | 26752 ||| FLEEEEING.
 26753 | Spider:1 | 26753 ||| FLEEEEING.
 26754 | Spider:1 | 26754 ||| FLEEEEING.
 26755 | Spider:1 | 26755 ||| FLEEEEING.
 26839 | Spider:1 | 26839 ||| DRINKING 6 potions of curing.
 26839 | Spider:1 | 26839 ||| (to cure confusion)
 26914 | Spider:1 | 26914 ||| Stepping ~*~*~tactically~*~*~ (stealth).
 26930 | Spider:1 | Received a gift from Okawaru
 27512 | Spider:1 | 27512 ||| READING 27 scrolls of identify.
 27512 | Spider:1 | 27512 ||| IDENTIFYING inky potion
 27543 | Spider:2 | 27543 ||| Stepping ~*~*~tactically~*~*~ (stealth).
 27544 | Spider:2 | 27544 ||| INVOKING Heroism.
 27667 | Spider:2 | Reached XP level 17. HP: 96/113 MP: 24/24
 27804 | Spider:2 | 27804 ||| Stepping ~*~*~tactically~*~*~ (stealth).
 27954 | Spider:2 | 27954 ||| INVOKING Heroism.
 27969 | Spider:2 | HP: 13/113 [broodmother (18)]
 27970 | Spider:2 | 27970 ||| READING 7 scrolls of teleportation.
 27971 | Spider:2 | 27971 ||| DRINKING 6 potions of heal wounds.
 27972 | Spider:2 | 27972 ||| DRINKING 5 potions of heal wounds.
 27978 | Spider:2 | HP: 17/113 [culicivora (17)]
 27979 | Spider:2 | 27979 ||| READING 6 scrolls of teleportation.
 27980 | Spider:2 | 27980 ||| DRINKING 4 potions of heal wounds.
 28219 | Spider:2 | 28219 ||| Stepping ~*~*~tactically~*~*~ (stealth).
 28311 | Spider:2 | 28311 ||| Stepping ~*~*~tactically~*~*~ (stealth).
 28342 | Spider:2 | 28342 ||| Stepping ~*~*~tactically~*~*~ (stealth).
 28369 | Spider:2 | 28369 ||| Stepping ~*~*~tactically~*~*~ (stealth).
 28370 | Spider:2 | 28370 ||| Stepping ~*~*~tactically~*~*~ (stealth).
 28371 | Spider:2 | 28371 ||| Stepping ~*~*~tactically~*~*~ (stealth).
 28372 | Spider:2 | 28372 ||| Stepping ~*~*~tactically~*~*~ (stealth).
 28373 | Spider:2 | 28373 ||| Stepping ~*~*~tactically~*~*~ (stealth).
 28377 | Spider:2 | 28377 ||| INVOKING Heroism.
 28480 | Spider:2 | 28480 ||| Stepping ~*~*~tactically~*~*~ (stealth).
 28482 | Spider:2 | 28482 ||| Stepping ~*~*~tactically~*~*~ (stealth).
 28613 | Spider:2 | 28613 ||| INVOKING Finesse.
 28687 | Spider:2 | 28687 ||| Stepping ~*~*~tactically~*~*~ (stealth).
 28714 | Spider:2 | 28714 ||| Stepping ~*~*~tactically~*~*~ (hiding).
 28762 | Spider:2 | 28762 ||| Stepping ~*~*~tactically~*~*~ (hiding).
 28884 | Spider:2 | 28884 ||| Stepping ~*~*~tactically~*~*~ (hiding).
 28885 | Spider:2 | 28885 ||| Stepping ~*~*~tactically~*~*~ (hiding).
 28886 | Spider:2 | 28886 ||| Stepping ~*~*~tactically~*~*~ (hiding).
 28902 | Spider:2 | 28902 ||| INVOKING Finesse.
 28920 | Spider:2 | Reached skill level 17 in Axes
 29149 | Spider:2 | 29149 ||| INVOKING Heroism.
 29448 | Spider:2 | 29448 ||| DROPPING ring of magical power.
 29449 | Spider:2 | 29449 ||| READING scroll labelled IRUWKE DYZETH.
 29485 | Spider:3 | 29485 ||| INVOKING Heroism.
 29490 | Spider:3 | Received a gift from Okawaru
 29516 | Spider:3 | HP: 12/113 [disintegration (18)]
 29517 | Spider:3 | 29517 ||| READING 5 scrolls of teleportation.
 29518 | Spider:3 | 29518 ||| DRINKING 3 potions of heal wounds.
 29520 | Spider:3 | HP: 3/113 [disintegration (29)]
 29521 | Spider:3 | 29521 ||| DRINKING 2 potions of heal wounds.
 29522 | Spider:3 | 29522 ||| READING 4 scrolls of teleportation.
 29523 | Spider:3 | 29523 ||| DRINKING potion of heal wounds.
 29525 | Spider:3 | 29525 ||| INVOKING Heroism.
 29535 | Spider:3 | 29535 ||| INVOKING Heroism.
 29552 | Spider:3 | 29552 ||| Stepping ~*~*~tactically~*~*~ (stealth).
 29553 | Spider:3 | 29553 ||| Stepping ~*~*~tactically~*~*~ (stealth).
 29556 | Spider:3 | 29556 ||| Stepping ~*~*~tactically~*~*~ (stealth).
 29574 | Spider:3 | 29574 ||| INVOKING Heroism.
 29903 | Spider:3 | Found a runed translucent door.
 29911 | Spider:3 | Noticed qw's ghost (adept GrFi)
 30061 | Spider:3 | 30061 ||| Stepping ~*~*~tactically~*~*~ (hiding).
 30062 | Spider:3 | 30062 ||| Stepping ~*~*~tactically~*~*~ (hiding).
 30254 | Spider:3 | 30254 ||| INVOKING Heroism.
 30355 | Spider:3 | Reached skill level 18 in Axes
 30429 | Spider:3 | 30429 ||| PLANNING SWAMP:1-3
 30537 | Swamp:1  | Entered Level 1 of the Swamp
 30545 | Swamp:1  | Noticed Aizul
 30546 | Swamp:1  | 30546 ||| INVOKING Heroism.
 30550 | Swamp:1  | 30550 ||| SWAPPING to +3 war axe of flaming.
 30557 | Swamp:1  | 30557 ||| SWAPPING to +0 heavy broad axe.
 30559 | Swamp:1  | Killed Aizul
 30561 | Swamp:1  | 30561 ||| SWAPPING to +3 war axe of flaming.
 30565 | Swamp:1  | 30565 ||| SWAPPING to +0 heavy broad axe.
 30585 | Swamp:1  | Received a gift from Okawaru
 30651 | Swamp:1  | 30651 ||| INVOKING Heroism.
 30657 | Swamp:1  | 30657 ||| SWAPPING to +3 war axe of flaming.
 30663 | Swamp:1  | 30663 ||| SWAPPING to +0 heavy broad axe.
 30827 | Swamp:1  | 30827 ||| INVOKING Heroism.
 30828 | Swamp:1  | 30828 ||| INVOKING Finesse.
 30936 | Swamp:1  | 30936 ||| INVOKING Heroism.
 30941 | Swamp:1  | 30941 ||| SWAPPING to +3 war axe of flaming.
 30948 | Swamp:1  | 30948 ||| SWAPPING to +0 heavy broad axe.
 30981 | Swamp:1  | 30981 ||| INVOKING Heroism.
 30982 | Swamp:1  | You are sucked into a shaft and drop 1 floor!
 31002 | Swamp:2  | 31002 ||| Stepping ~*~*~tactically~*~*~ (hiding).
 31016 | Swamp:2  | Received a gift from Okawaru
 31025 | Swamp:2  | 31025 ||| PLANNING SWAMP:1-3
 31029 | Swamp:2  | 31029 ||| SWAPPING to +3 war axe of flaming.
 31031 | Swamp:2  | 31031 ||| SWAPPING to +0 heavy broad axe.
 31033 | Swamp:2  | HP: 28/113 [ghost crab] (10)]
 31034 | Swamp:2  | 31034 ||| READING 6 scrolls of teleportation.
 31035 | Swamp:2  | 31035 ||| DRINKING potion of heal wounds.
 31037 | Swamp:2  | 31037 ||| INVOKING Heroism.
 31039 | Swamp:2  | 31039 ||| Stepping ~*~*~tactically~*~*~ (hiding).
 31047 | Swamp:2  | HP: 19/113 [tyrant leech (14)]
 31048 | Swamp:2  | 31048 ||| READING 5 scrolls of teleportation.
 31048 | Swamp:2  | Slain by a tyrant leech

Levels and vault maps discovered:
D:1:      mrwooster_arrival_statue_3, layout_basic,
          shapermc_ecumenical_altar_venn, kennysheep_pointless_box,
          kennysheep_crisscross, minmay_hedge_maze
D:2:      layout_loops_ring
D:3:      layout_rooms, dk_noncrumbling_4, uniq_sigmund
D:4:      layout_rooms, kennysheep_mini, marbit_many_paths
D:5:      layout_rooms, serial_bayou, serial_bayou_lagoon_a,
          serial_bayou_crossing, serial_bayou_pond_a, serial_bayou_pond_c,
          serial_bayou_shore_a, serial_bayou_shore_b
D:6:      lemuel_castle_with_subvaults [lemuel_castle_interior_carwin_3],
          layout_basic, mainiacjoe_overflow_boulevard
D:7:      layout_rooms, minmay_temple_entry_enclosed_plants,
          kennysheep_generic_room_13
D:8:      layout_loops_ring, zin_academy, minmay_fractal_squares_diagonal_5
D:9:      layout_basic, nicolae_ru_great_annihilating_truth,
          serial_bayou_pond_c, nicolae_water_bricks, minivault_21,
          kennysheep_potato
D:10:     layout_roguey, dpeg_oklobed_lair, serial_shops, shop,
          nicolae_shop_sticking_my_neck_out
D:11:     layout_stronghold, zombieorc2_lemuel
D:12:     layout_stronghold, serial_shops, nicolae_shop_statue_plus,
          gauntlet_entry_generic, uniq_nergalle
D:13:     hangedman_arrow_trap, layout_grid_maze, grunt_vaults_entry_tiered,
          uniq_sonja, uniq_maurice
D:14:     layout_rooms, minmay_misc_feat_doors, statue_in_the_mist_lemuel
D:15:     gammafunk_depths_entry_grave, layout_cave_pools,
          chequers_serial_rivers_micro_d, guppyfry_shop_earth, uniq_rupert
Temple:   minmay_temple_bridge_d
Lair:1:   gammafunk_boulding_lane, layout_cave_shapes, gammafunk_ghost_grave,
          lemuel_fruit_fields, infiniplex_staircase_pool, uniq_amaemon
Lair:2:   layout_gridlike, swamp_mist, nicolae_spider_entry_lesser_pyramids,
          grunt_megastairs_5, uniq_urug
Lair:3:   layout_chaotic_city, serial_bayou_shore_b, lemuel_fruit_fields,
          grunt_megastairs_3, lemuel_fruit_fields, serial_bayou_shore_b
Lair:4:   layout_gridlike, dpeg_slime_entry_enclosed, kennysheep_rathole
Lair:5:   minmay_lair_end_frog_pond, layout_regular_city,
          minmay_stone_trees_small, nicolae_lair_lindhole
Swamp:1:  layout_basic_swamp, hangedman_swamp_ruin_wall, st_swamp_ruins_3,
          uniq_aizul
Swamp:2:  layout_basic_swamp, evilmike_swamp_ruin_house_6, swamp_pool2,
          hangedman_swamp_grove, uniq_kirke, uniq_frances, uniq_roxanne
Spider:1: layout_cave_pods
Spider:2: nicolae_spider_broodchamber
Spider:3: layout_spider_delve, hellmonk_ghost_happy_afterlife, drop_trap
Orc:1:    layout_diamond_mine, serial_shops, shop_fountains, basic_altar
Orc:2:    st_orc_rangers, layout_diamond_mine, nicolae_orc_bridge_out,
          mines1_david

Skill      XL: |  1  2  3  4  5  6  7  8  9 10 11 12 13 14 15 16 17 |
---------------+----------------------------------------------------+-----
Axes           | 2 3 5 6 7 8 10 11 12 14 16 18 | 18.0
Fighting       | 4 5 6 7 9 10 11 12 14 15 | 15.0
Armour         | 4 5 6 7 9 10 11 13 14 | 14.0
Dodging        | 1 2 3 4 |  4.0
Throwing       | 1 3 5 7 |  7.1
Shields        | 4 5 6 7 8 9 13 14 | 14.6
Invocations    | 1 4 6 9 10 | 10.0

Action                     |  1- 3 |  4- 6 |  7- 9 | 10-12 | 13-15 | 16-18 || total
---------------------------+-------+-------+-------+-------+-------+-------++-------
  Melee: War axe           |   123 |    63 |   313 |   586 |  1036 |   330 ||  2451
         Demon whip        |       |       |       |     3 |    52 |    11 ||    66
         Broad axe         |       |       |       |       |       |   637 ||   637
  Throw: Boomerang         |    13 |    41 |   145 |   116 |    32 |    71 ||   418
         Javelin           |       |       |       |     7 |   158 |    61 ||   226
 Invoke: Heroism           |       |       |       |    22 |    32 |    31 ||    85
         Finesse           |       |       |       |       |     2 |     4 ||     6
    Use: Scroll            |     5 |     3 |     6 |    12 |     8 |    11 ||    45
         Potion            |     4 |       |     3 |     1 |     2 |    11 ||    21
   Stab: Invisible         |     1 |       |       |       |       |       ||     1
 Armour: Scale mail        |    52 |       |       |       |       |       ||    52
         Plate armour      |     7 |    51 |   180 |   288 |   590 |   665 ||  1781
  Dodge: Dodged            |    47 |    14 |   156 |   337 |   592 |   672 ||  1818
  Block: Buckler           |    24 |     5 |    50 |   131 |   254 |    64 ||   528
         Kite shield       |       |       |       |       |       |   685 ||   685
         Reflection        |       |       |       |       |       |    52 ||    52

Table legend:
 A = Non-vault XP
 B = Vault XP
 C = Vault XP percentage of total XP
 D = Non-vault monster count
 E = Vault monster count
 F = Vault count percentage of total count
                 A         B        C        D         E       F
            +---------+---------+-------+---------+---------+-------
      Total |  179005 |   62785 |  26.0 |     704 |     267 |  27.5
            +---------+---------+-------+---------+---------+-------
        D:1 |      43 |       0 |   0.0 |      24 |       0 |   0.0
        D:2 |      52 |       0 |   0.0 |      22 |       0 |   0.0
        D:3 |     164 |     223 |  57.6 |      16 |       1 |   5.9
        D:4 |     453 |      14 |   3.0 |      19 |       1 |   5.0
        D:5 |     622 |       0 |   0.0 |      21 |       0 |   0.0
        D:6 |     454 |    3277 |  87.8 |      16 |      52 |  76.5
        D:7 |    1282 |      45 |   3.4 |      31 |       2 |   6.1
        D:8 |    1021 |      88 |   7.9 |      16 |       4 |  20.0
        D:9 |    2232 |     220 |   9.0 |      35 |       6 |  14.6
       D:10 |    2247 |       0 |   0.0 |       7 |       0 |   0.0
       D:11 |    3029 |     942 |  23.7 |      19 |      36 |  65.5
       D:12 |    5877 |     773 |  11.6 |      11 |       1 |   8.3
       D:13 |    4960 |   16102 |  76.5 |       9 |      39 |  81.2
       D:14 |   20484 |       0 |   0.0 |      39 |       0 |   0.0
       D:15 |   11094 |    7207 |  39.4 |      21 |      13 |  38.2
     Lair:1 |    5271 |    1193 |  18.5 |      23 |       2 |   8.0
     Lair:2 |   12737 |    3394 |  21.0 |      51 |      10 |  16.4
     Lair:3 |   10010 |       0 |   0.0 |      34 |       0 |   0.0
     Lair:4 |    9091 |    1004 |   9.9 |      34 |      13 |  27.7
     Lair:5 |   17455 |   11701 |  40.1 |      51 |      36 |  41.4
    Swamp:1 |   10428 |    3756 |  26.5 |      21 |       4 |  16.0
    Swamp:2 |    4112 |    1053 |  20.4 |       6 |       1 |  14.3
   Spider:1 |   14403 |       0 |   0.0 |      40 |       0 |   0.0
   Spider:2 |   16608 |    6453 |  28.0 |      35 |       9 |  20.5
   Spider:3 |   20906 |       0 |   0.0 |      53 |       0 |   0.0
      Orc:1 |    2028 |       0 |   0.0 |      26 |       0 |   0.0
      Orc:2 |    1942 |    5340 |  73.3 |      24 |      37 |  60.7
            +---------+---------+-------+---------+---------+-------
